AoeStats
← tlusty_melman

Black Forest

509381422Analyzed
3v3 RM · 5d ago on Sep 26, 2026· 53m 39s· 6 players
Game mode
Random Map
Map size
Normal (6 player)
Population
200
Speed
Normal
Resources
Standard
Victory
Conquest
Starting age
Dark Age
Ending age
Imperial Age
RankedLock teamsTeams togetherTeam positionsShared explorationLock speedFull tech treeHidden civsTurbo modeCheats
Victory
Defeat
🇹🇷 Dravidians · Türkiye
860
+15
🇨🇿 Burmese · Czechia
825
+16
🇪🇸 Turks · Spain
773
+18
🇸🇰 Lithuanians · Slovakia
848
-17
🇸🇰 Romans · Slovakia
843
-17
🇨🇿 Poles · Czechia
788
-15
kikekalimar
0:38 Loom
17:07 Feudal Age
18:00 Gold Mining
17:56 Double-Bit Axe
19:04 Horse Collar
19:28 Stone Mining
22:33 Man-at-Arms
26:10 Castle Age
25:20 Forging
25:00 Fletching
27:32 Wheelbarrow
27:10 Bow Saw
28:09 Squires
29:27 Gold Shaft Mining
28:20 Long Swordsman
29:09 Murder Holes
29:48 Scale Mail Armor
31:24 Ballistics
31:34 Heavy Plow
32:32 Caravan
32:59 Bodkin Arrow
33:32 Crossbowman
35:11 Guard Tower
35:32 Fortified Wall
35:03 Treadmill Crane
35:13 Heated Shot
36:43 Iron Casting
36:23 Chain Mail Armor
39:46 Imperial Age
37:54 Bloodlines
37:52 Scale Barding Armor
37:47 Padded Archer Armor
38:34 Hand Cart
38:56 Sipahi
39:15 Masonry
40:09 Two-Handed Swordsman
40:59 Husbandry
41:44 Artillery
42:18 Elite Janissary
44:26 Heavy Scorpion
45:27 Capped Ram
45:30 Heavy Camel Rider
46:29 Arrowslits
47:01 Bracer
48:54 Keep
47:43 Cavalier
51:26 Blast Furnace
Jundorff
1:34 Loom
12:46 Feudal Age
14:10 Wheelbarrow
17:12 Castle Age
17:03 Horse Collar
18:09 Hand Cart
25:41 Stone Mining
26:34 Caravan
28:48 Heavy Plow
32:13 Imperial Age
30:23 Scale Mail Armor
30:29 Scale Barding Armor
30:37 Forging
30:43 Treadmill Crane
31:15 Fortified Wall
31:03 Murder Holes
33:09 Chain Barding Armor
33:25 Iron Casting
32:56 Town Watch
33:53 Crop Rotation
34:09 Conscription
33:52 Gold Mining
34:06 Padded Archer Armor
34:22 Chain Mail Armor
35:16 Gold Shaft Mining
34:28 Pikeman
35:10 Squires
34:56 Gambesons
35:16 Manipur Cavalry
35:26 Manipur Cavalry
35:42 Fervor
35:53 Sanctity
35:58 Husbandry
36:11 Bloodlines
36:09 Howdah
37:38 Ballistics
37:29 Masonry
38:59 Chemistry
39:07 Theocracy
39:57 Plate Barding Armor
40:23 Blast Furnace
40:30 Plate Mail Armor
39:51 Fletching
40:36 Elite Battle Elephant
42:41 Elite Arambai
42:46 Light Cavalry
43:15 Halberdier
43:19 Man-at-Arms
49:31 Town Patrol
52:07 Hussar
Hz.Jesus
2:23 Loom
14:35 Feudal Age
19:17 Castle Age
17:42 Double-Bit Axe
17:52 Stone Mining
17:54 Gold Mining
22:54 Fletching
24:18 Padded Archer Armor
28:20 Horse Collar
31:07 Bow Saw
32:04 Wheelbarrow
35:58 Imperial Age
33:47 Pikeman
33:47 Man-at-Arms
34:28 Squires
34:14 Arson
34:14 Gambesons
34:46 Forging
34:37 Scale Mail Armor
34:55 Leather Archer Armor
34:49 Heavy Plow
37:19 Hand Cart
37:22 Caravan
37:33 Guilds
38:47 Chemistry
37:16 Heavy Scorpion
44:34 Elite Urumi Swordsman
46:01 Iron Casting
45:42 Chain Mail Armor
45:54 Wootz Steel
48:35 Plate Mail Armor
49:06 Blast Furnace
Regis_sk
1:28 Loom
16:34 Feudal Age
19:27 Wheelbarrow
18:43 Double-Bit Axe
22:30 Stone Mining
25:04 Arson
26:55 Horse Collar
27:10 Gold Mining
30:16 Castle Age
28:29 Scale Mail Armor
30:35 Forging
32:18 Elite Skirmisher
33:05 Thumb Ring
32:26 Pikeman
33:07 Squires
33:47 Iron Casting
33:19 Scale Barding Armor
34:05 Bow Saw
34:34 Bloodlines
34:26 Husbandry
33:48 Light Cavalry
35:07 Chain Mail Armor
34:44 Fletching
34:55 Padded Archer Armor
35:45 Stone Shaft Mining
36:59 Heavy Plow
37:19 Hand Cart
39:57 Imperial Age
41:01 Bodkin Arrow
41:23 Leather Archer Armor
41:30 Chain Barding Armor
42:10 Lechitic Legacy
42:18 Winged Hussar
46:59 Crop Rotation
Fearless
0:28 Loom
16:32 Feudal Age
19:16 Gold Mining
19:15 Double-Bit Axe
19:14 Horse Collar
25:45 Castle Age
24:21 Stone Mining
24:37 Town Watch
26:16 Wheelbarrow
26:49 Bow Saw
28:28 Heavy Plow
31:13 Fletching
32:22 Hand Cart
33:02 Caravan
36:57 Imperial Age
35:25 Gold Shaft Mining
35:27 Town Patrol
35:45 Scale Mail Armor
36:10 Forging
36:07 Bodkin Arrow
36:15 Padded Archer Armor
36:28 Scale Barding Armor
39:02 Iron Casting
38:42 Chain Mail Armor
38:49 Conscription
40:08 Crop Rotation
40:51 Chemistry
39:47 Murder Holes
40:15 Ballistics
39:59 Squires
39:20 Man-at-Arms
40:59 Chain Barding Armor
40:42 Husbandry
41:02 Bloodlines
40:43 Cavalier
42:28 Ballistas
43:13 Guilds
44:09 Blast Furnace
43:45 Plate Barding Armor
43:20 Siege Engineers
43:26 Masonry
42:52 Capped Ram
43:45 Onager
44:08 Light Cavalry
46:08 Architecture
47:12 Comitatenses
tlusty_melman
0:28 Loom
10:11 Loom
12:59 Feudal Age
13:53 Horse Collar
14:04 Double-Bit Axe
14:14 Gold Mining
14:15 Stone Mining
18:48 Castle Age
19:57 Heavy Plow
20:11 Bow Saw
20:38 Stone Shaft Mining
24:27 Fletching
29:59 Caravan
33:34 Imperial Age
32:22 Wheelbarrow
31:35 Town Watch
33:47 Pikeman
34:28 Squires
36:02 Crop Rotation
36:35 Two-Man Saw
36:19 Elite Skirmisher
36:59 Bodkin Arrow
37:04 Padded Archer Armor
37:05 Scale Mail Armor
37:15 Forging
37:11 Scale Barding Armor
37:02 Halberdier
38:40 Hand Cart
38:25 Town Patrol
43:16 Chain Mail Armor
43:36 Iron Casting
43:02 Bracer
43:17 Leather Archer Armor
Connection lost

Rejoining the realm…

Still unreachable

The connection could not be restored.

Session expired

The server has moved on; the page needs a fresh start.